[Event "ICC tourney 2150 (70 10)"]
[Site "Internet Chess Club"]
[Date "2020.11.22"]
[Round "4"]
[White "castle2king"]
[Black "moneymo"]
[Result "1-0"]
[ICCResult "Black resigns"]
[WhiteElo "1596"]
[BlackElo "1853"]
[Opening "Sicilian: Labourdonnais-Löwenthal (Kalashnikov) variation"]
[ECO "B32"]
[NIC "SI.32"]
[Time "12:31:41"]
[TimeControl "4200+10"]

1. e4 c5 2. Nf3 Nc6 3. d4 cxd4 4. Nxd4 e5 5. Nb5 d6 6. N1c3 a6 7. Na3 b5 8.
Nd5 Nf6 9. Bg5 Be7 10. Bxf6 Bxf6 11. c3 Bg5 12. Qf3 O-O 13. h4 Be7 14. g4
Be6 15. Rd1 Bxh4 16. Qh3 g5 17. Nc2 Bxd5 18. Rxd5 Ne7 19. Rd2 Qb6 20. Ne3
Rac8 21. Nf5 Ng6 22. Qf3 d5 23. Rxd5 Rfd8 24. Nh6+ Kg7 25. Nf5+ Kf8 26. Nh6
f6 27. Nf5 Rxd5 28. exd5 b4 29. c4 e4 30. Qe3 Qa5 31. Qd4 Ne5 32. Qa7 b3+
33. Ke2 Rc7 34. Qb8+ Kf7 35. Nd6+ Ke7 36. Nf5+ Kd7 37. d6 Rxc4 38. Qb7+ Kd8
39. Qe7+ Kc8 40. d7+ Nxd7 41. Nd6+ Kb8 42. Nxc4 Qb5 43. Qd6+ Kc8 44. axb3
Qxb3 45. Qxa6+ Kd8 46. Qa5+ Ke8 47. Nd6+ Ke7 48. Qd2 Qf3+ 49. Ke1 e3 50.
Nf5+ Qxf5 51. Qxe3+ Qe5 52. Qxe5+ fxe5 53. Be2 e4 54. Kf1 Ne5 55. Rh3 Kd6
56. Re3 Kd5 57. Ke1 Kd4 58. b4 Nd7 59. Rb3 Nb6 60. b5 Nd5 61. b6 e3 62. b7
Bxf2+ 63. Kf1 Bg3 64. b8=Q Bxb8 65. Rxb8 Nf6 66. Rd8+ Ke5 67. Ra8 Ne4 68.
Re8+ Kf4 69. Rf8+ Ke5 70. Kg2 Nd2 71. Rf5+ Kd4 72. Rxg5 Ne4 73. Rf5 Kc3 74.
Kf3 Kd2 75. Rd5+ Ke1 76. Kxe4 Kxe2 77. Rd3 Kf2 78. Rxe3 {Black resigns} 1-0

[Event "ICC tourney 2150 (70 10)"]
[Site "Internet Chess Club"]
[Date "2020.11.22"]
[Round "4"]
[White "FL2009"]
[Black "IsaiahS"]
[Result "1-0"]
[ICCResult "Black resigns"]
[WhiteElo "1844"]
[BlackElo "235"]
[Opening "French: exchange variation"]
[ECO "C01"]
[NIC "FR.01"]
[Time "12:32:32"]
[TimeControl "4200+10"]

1. e4 e6 2. d4 d5 3. exd5 exd5 4. Nf3 Nf6 5. Bd3 Bd6 6. O-O O-O 7. Re1 Bg4
8. c3 h6 9. Nbd2 Nbd7 10. b3 c6 11. Bb2 Qc7 12. Qc2 Rfe8 13. h3 Bxf3 14.
Nxf3 Nf8 15. Nh4 Ne6 16. Nf5 Nf4 17. Bf1 Ne4 18. g3 Nh5 19. Bg2 Ng5 20. Nxd6
Qxd6 21. Qd3 Nf6 22. a3 Qd7 23. Kh2 Nge4 24. Re2 Qc7 25. Kg1 Re7 26. Rae1
Rae8 27. c4 Qd7 28. Bc1 g5 29. a4 Qd6 30. c5 Qd7 31. b4 a6 32. Re3 Qf5 33.
Rf3 Qg6 34. Rfe3 Kf8 35. b5 axb5 36. axb5 Qf5 37. Rf1 Qd7 38. b6 Ra8 39. Re2
Qf5 40. Rfe1 Rae8 41. g4 Qg6 42. Re3 h5 43. f3 Ng3 44. Qxg6 fxg6 45. Rxe7
Rxe7 46. Rxe7 Kxe7 47. Kf2 h4 48. Bxg5 Ke6 49. Bxh4 Nge4+ 50. fxe4 Nxe4+ 51.
Bxe4 dxe4 52. Ke3 Kd5 53. Bg3 g5 54. h4 gxh4 55. Bxh4 {Black resigns} 1-0

[Event "ICC tourney 2150 (70 10)"]
[Site "Internet Chess Club"]
[Date "2020.11.22"]
[Round "4"]
[White "RasulNazriev"]
[Black "steve-patterson"]
[Result "1/2-1/2"]
[ICCResult "Game drawn by mutual agreement"]
[WhiteElo "305"]
[BlackElo "1785"]
[Opening "Sicilian: Kan, 5.Nc3"]
[ECO "B43"]
[NIC "SI.41"]
[Time "12:31:42"]
[TimeControl "4200+10"]

1. e4 c5 2. Nf3 e6 3. d4 cxd4 4. Nxd4 a6 5. Nc3 Qc7 6. Be3 Nf6 7. a3 Nc6 8.
Nxc6 dxc6 9. Be2 e5 10. f3 Be6 11. O-O Nh5 12. Qe1 Be7 13. Qf2 O-O 14. g3 f5
15. exf5 Bxf5 16. Bc4+ Kh8 17. Bb6 Qc8 18. Qe2 Bh3 19. Rfe1 Bf6 20. Ne4 Be7
21. Rad1 Qf5 22. g4 Qg6 23. Rd7 Nf4 24. Qd2 Bxg4 25. fxg4 Qxg4+ 26. Ng3 Bh4
27. Rd3 Nh3+ 28. Kg2 Rf4 29. Qe2 Rf2+ 30. Bxf2 Nf4+ 31. Kh1 Nxe2 32. Rxe2
Qxc4 33. Rc3 Qd5+ 34. Kg1 Rf8 35. Rce3 Bf6 36. Ne4 h6 37. Rd3 Qe6 38. Bg3
Qg4 39. Rde3 h5 40. Nf2 Qg5 41. h4 Qf5 42. Kg2 Qg6 43. Kh2 Re8 44. Ne4 Qg4
45. Nd6 Re7 46. Re4 {Game drawn by mutual agreement} 1/2-1/2

[Event "ICC tourney 2150 (70 10)"]
[Site "Internet Chess Club"]
[Date "2020.11.22"]
[Round "4"]
[White "sushivishwa"]
[Black "atevifred"]
[Result "1-0"]
[ICCResult "Black resigns"]
[WhiteElo "1843"]
[BlackElo "1870"]
[Opening "Caro-Kann: advance variation"]
[ECO "B12"]
[NIC "CK.02"]
[Time "12:31:42"]
[TimeControl "4200+10"]

1. e4 c6 2. d4 d5 3. e5 c5 4. dxc5 e6 5. Be3 Nd7 6. Bb5 Qc7 7. Qd4 Ne7 8. b4
Nf5 9. Qc3 Nxe3 10. Qxe3 a5 11. c3 axb4 12. cxb4 b6 13. cxb6 Bxb4+ 14. Nd2
Qc3 15. Qxc3 Bxc3 16. Rb1 Rb8 17. Nf3 Ke7 18. Rb3 Ba5 19. Nd4 Bb7 20. f4 Nc5
21. Ra3 Ra8 22. Ke2 Bxb6 23. Rxa8 Rxa8 24. Ra1 Na4 25. Rc1 Bxd4 26. Rc7+ Kf8
27. Rxb7 Nc5 28. Rc7 g6 29. a4 Ne4 30. Nf3 Bb6 31. Rb7 Ba5 32. Nd4 Nc3+ 33.
Kf3 Nxb5 34. axb5 Bc3 35. Nc6 h5 36. b6 Ra3 37. Ra7 Rb3 38. Nb8 Bd4+ 39. Ke2
Bxb6 40. Nd7+ Kg7 41. Rb7 Rb2+ 42. Kd3 Bd4 43. Rc7 Bg1 44. Nf6 Rb8 45. h3
Bh2 46. Ke3 Rb3+ 47. Kf2 Bxf4 48. Ne8+ Kf8 49. Nf6 Bxe5 50. Nd7+ Kg8 51.
Nxe5 Rb2+ 52. Kg3 Rb3+ 53. Kh2 Re3 54. Nxf7 d4 55. Ng5 d3 56. Rd7 e5 57. Kg1
e4 58. Kf2 Re2+ 59. Kf1 Re3 60. h4 Kh8 61. Rd4 Kg7 62. Nxe4 d2 63. Nxd2 Re7
64. Rd6 Rf7+ 65. Nf3 Ra7 66. Kf2 Ra2+ 67. Kg3 Ra3 68. Kh2 Ra4 69. Kh3 Ra3
70. Rb6 Rc3 71. Kg3 Ra3 72. Kf4 Ra4+ 73. Ke3 Ra3+ 74. Kf2 Ra2+ 75. Kg1 Ra1+
76. Kh2 Ra4 77. g3 Ra2+ 78. Kh3 Ra3 79. Ne5 Ra5 80. Rxg6+ Kh7 81. Rg5 Ra4
82. Rxh5+ Kg7 83. Rf5 Re4 84. h5 Ra4 85. g4 Rb4 86. Kh4 Ra4 87. Kg5 Kg8 88.
Kg6 Ra6+ 89. Rf6 Ra5 90. Nf7 Ra8 91. h6 Kf8 92. h7 Ke7 93. h8=Q Rc8 94. Re6+
Kd7 95. Qxc8+ Kxc8 96. Rd6 Kc7 97. Rd1 Kc6 98. Kf6 Kc5 99. g5 Kc4 100. g6
Kc3 101. g7 Kc2 102. Rd8 {Black resigns} 1-0

[Event "ICC tourney 2150 (70 10)"]
[Site "Internet Chess Club"]
[Date "2020.11.22"]
[Round "5"]
[White "IsaiahS"]
[Black "Priyadarsi"]
[Result "1-0"]
[ICCResult "Black resigns"]
[WhiteElo "194"]
[BlackElo "1550"]
[Opening "French: advance, Milner-Barry gambit"]
[ECO "C02"]
[NIC "FR.03"]
[Time "16:03:59"]
[TimeControl "4200+10"]

1. e4 e6 2. d4 d5 3. e5 c5 4. c3 Nc6 5. Nf3 Qb6 6. Bd3 Bd7 7. Bc2 cxd4 8.
cxd4 Nb4 9. Nc3 Nxc2+ 10. Qxc2 Ne7 11. O-O Nf5 12. Rd1 Rc8 13. a3 Be7 14.
Bf4 h6 15. Rab1 g5 16. Be3 a5 17. g4 Nxe3 18. fxe3 h5 19. h3 hxg4 20. hxg4
Kf8 21. Kg2 Kg7 22. Rh1 f6 23. Rh5 Rxh5 24. gxh5 Rh8 25. Qg6+ Kf8 26. exf6
Bxf6 27. Qxf6+ Kg8 28. h6 Rh7 29. Nxg5 {Black resigns} 1-0

[Event "ICC tourney 2150 (70 10)"]
[Site "Internet Chess Club"]
[Date "2020.11.22"]
[Round "5"]
[White "pierrehj"]
[Black "RasulNazriev"]
[Result "1-0"]
[ICCResult "Black resigns"]
[WhiteElo "1659"]
[BlackElo "152"]
[Opening "QGD: semi-Slav, Noteboom variation"]
[ECO "D10"]
[NIC "SL.06"]
[Time "16:04:18"]
[TimeControl "4200+10"]

1. d4 d5 2. c4 c6 3. Nc3 e6 4. Nf3 dxc4 5. e4 b5 6. Bd2 Nf6 7. a3 Be7 8. h3
Bb7 9. Qc2 a6 10. Bf4 O-O 11. Rd1 Nbd7 12. Be2 Nb6 13. Be5 Bd6 14. Bxd6 Qxd6
15. e5 Qe7 16. exf6 Qxf6 17. Ne4 Qg6 18. Ne5 Qh6 19. Bf3 f6 20. Ng4 Qg6 21.
Qe2 Qf7 22. Nc5 Rfe8 23. O-O Nd5 24. Rfe1 Bc8 25. Qc2 Bd7 26. Be4 g6 27.
Nh6+ {Black resigns} 1-0

[Event "ICC tourney 2150 (70 10)"]
[Site "Internet Chess Club"]
[Date "2020.11.22"]
[Round "5"]
[White "queenless"]
[Black "Erky"]
[Result "1/2-1/2"]
[ICCResult "Game drawn by mutual agreement"]
[WhiteElo "1614"]
[BlackElo "1679"]
[Opening "King's Indian: East Indian defense"]
[ECO "A48"]
[NIC "QP.06"]
[Time "16:03:56"]
[TimeControl "4200+10"]

1. d4 Nf6 2. Nf3 g6 3. b3 Bg7 4. Bb2 O-O 5. g3 d5 6. Bg2 Nc6 7. O-O Bf5 8.
a3 Re8 9. Nbd2 a5 10. c4 dxc4 11. Nxc4 Be4 12. e3 Qd5 13. Ncd2 Bd3 14. Re1
Qb5 15. Bf1 Bxf1 16. Rxf1 Rad8 17. Qc2 e5 18. dxe5 Ng4 19. Qc4 Qxc4 20. Nxc4
b5 21. Ncd2 Ncxe5 22. Bxe5 Bxe5 23. Rac1 Re7 24. h3 Nf6 25. Nxe5 Rxe5 26.
Nf3 Re7 27. Nd4 Rd5 28. b4 axb4 29. axb4 Ne4 30. Rc6
{Game drawn by mutual agreement}
1/2-1/2

[Event "ICC tourney 2150 (70 10)"]
[Site "Internet Chess Club"]
[Date "2020.11.22"]
[Round "5"]
[White "pari538"]
[Black "NL008"]
[Result "0-1"]
[ICCResult "White checkmated"]
[WhiteElo "1645"]
[BlackElo "1602"]
[Opening "Scotch game"]
[ECO "C45"]
[NIC "SO.05"]
[Time "16:03:58"]
[TimeControl "4200+10"]

1. e4 e5 2. Nf3 Nc6 3. d4 exd4 4. Nxd4 Bc5 5. Be3 Qf6 6. c3 Nge7 7. Bc4 Ne5
8. Be2 O-O 9. O-O b6 10. Nb5 Bxe3 11. fxe3 Qc6 12. Qd4 d6 13. N5a3 Bb7 14.
Nd2 a6 15. Nc2 f5 16. Nb4 Qc5 17. exf5 Nxf5 18. Qxc5 dxc5 19. Nc2 Rad8 20.
Nc4 Nxc4 21. Bxc4+ Kh8 22. Rad1 Rxd1 23. Rxd1 Nd6 24. Bb3 c4 25. Rxd6 cxb3
26. Rd2 bxc2 27. Rxc2 Kg8 28. Rd2 Bc6 29. Rf2 Rxf2 30. Kxf2 Kf7 31. g3 Ke6
32. Ke2 Ke5 33. Kd3 h5 34. c4 Be4+ 35. Ke2 c5 36. Kd2 b5 37. cxb5 axb5 38.
Ke2 c4 39. Kd2 b4 40. a4 bxa3 41. bxa3 Kd5 42. Kc3 Kc5 43. h3 g5 44. h4 gxh4
45. gxh4 Bc6 46. Kb2 Kd5 47. Kc3 Ke4 48. Kxc4 Kxe3 49. Kc3 Kf4 50. Kd3 Kg4
51. Ke3 Kxh4 52. Kf2 Kh3 53. Kg1 h4 54. Kf2 Kh2 55. a4 Bxa4 56. Kf3 h3 57.
Kf2 Kh1 58. Kg3 h2 59. Kf2 Bb5 60. Kg3 Kg1 61. Kf4 h1=Q 62. Ke5 Qc6 63. Kd4
Kf2 64. Ke5 Ke3 65. Kf5 Qe4+ 66. Kf6 Qd5 67. Ke7 Qc6 68. Kf7 Kf4 69. Ke7 Ke5
70. Kf7 Qe6+ 71. Kf8 Qd7 72. Kg8 Kf6 73. Kh8 Qg7# {White checkmated} 0-1

[Event "ICC tourney 2150 (70 10)"]
[Site "Internet Chess Club"]
[Date "2020.11.22"]
[Round "5"]
[White "erumaimadugod"]
[Black "sushivishwa"]
[Result "1/2-1/2"]
[ICCResult "Game drawn by repetition"]
[WhiteElo "1847"]
[BlackElo "1843"]
[Opening "Giuoco Piano"]
[ECO "C54"]
[NIC "IG.02"]
[Time "16:04:04"]
[TimeControl "4200+10"]

1. e4 e5 2. Nf3 Nc6 3. Bc4 Bc5 4. c3 Nf6 5. d4 exd4 6. cxd4 Bb4+ 7. Bd2 Nxe4
8. Bxb4 Nxb4 9. Bxf7+ Kxf7 10. Qb3+ d5 11. Qxb4 Rf8 12. O-O Kg8 13. Nbd2
Nxd2 14. Qxd2 Qd6 15. Rfe1 Bf5 16. Re5 Rf6 17. Rae1 Raf8 18. Re8 Be4 19.
Rxf8+ Rxf8 20. Ng5 Bf5 21. Nf3 Be4 22. Ng5 Bf5 23. Nf3 Be4 24. Ng5
{Game drawn by repetition}
1/2-1/2

[Event "ICC tourney 2150 (70 10)"]
[Site "Internet Chess Club"]
[Date "2020.11.22"]
[Round "5"]
[White "VinG"]
[Black "sujashankar"]
[Result "0-1"]
[ICCResult "White resigns"]
[WhiteElo "1669"]
[BlackElo "1753"]
[Opening "Sicilian: Canal-Sokolsky attack, 3...Bd7"]
[ECO "B52"]
[NIC "SI.01"]
[Time "16:04:50"]
[TimeControl "4200+10"]

1. e4 c5 2. Nf3 d6 3. Bb5+ Bd7 4. Bxd7+ Qxd7 5. O-O Nc6 6. d4 cxd4 7. Nxd4
Nf6 8. Nc3 g6 9. Be3 Bg7 10. Qd2 O-O 11. f3 Ne5 12. Qe2 Rac8 13. Rad1 a6 14.
Nb3 Qc7 15. Bc1 Nc4 16. Nd4 Rfe8 17. b3 Ne5 18. Nb1 Nc6 19. Nxc6 Qxc6 20. c4
b5 21. Na3 b4 22. Nc2 a5 23. Ne3 a4 24. Nd5 Nxd5 25. exd5 Qa6 26. Bb2 axb3
27. Bxg7 Kxg7 28. Qb2+ Kg8 29. axb3 Qb6+ 30. Qd4 Qxd4+ 31. Rxd4 Ra8 32. Rd3
Ra3 33. Rc1 Rc8 34. Re3 Rc7 35. Kf2 Kg7 36. Ke2 Ra2+ 37. Kf1 Kf6 38. Re2
Rca7 39. Ke1 Rxe2+ 40. Kxe2 Ra2+ 41. Kf1 Rb2 42. c5 dxc5 43. Rxc5 Rxb3 44.
Rb5 Rb2 45. Rb7 b3 46. Rb6+ Ke5 47. Rb7 Kd6 48. Rb5 Kc7 {White resigns} 0-1

[Event "ICC tourney 2150 (70 10)"]
[Site "Internet Chess Club"]
[Date "2020.11.22"]
[Round "5"]
[White "adu711"]
[Black "steve-patterson"]
[Result "1-0"]
[ICCResult "Black resigns"]
[WhiteElo "1715"]
[BlackElo "1820"]
[Opening "Sicilian: Smith-Morra gambit"]
[ECO "B21"]
[NIC "SI.48"]
[Time "16:03:59"]
[TimeControl "4200+10"]

1. e4 c5 2. d4 cxd4 3. c3 d3 4. Bxd3 Nc6 5. Ne2 g6 6. Nd4 Bg7 7. O-O Nxd4 8.
cxd4 Bxd4 9. Qa4 Bg7 10. Nc3 Nf6 11. e5 Ng8 12. Re1 Nh6 13. Nd5 O-O 14. Qh4
Nf5 15. Bxf5 gxf5 16. Nxe7+ Kh8 17. Bg5 Qb6 18. Nxf5 Qg6 19. Nxg7 Kxg7 20.
Bf6+ Kg8 21. Re3 b6 22. Rg3 Bb7 23. Rxg6+ fxg6 24. Qh6 Rf7 25. Rc1 Bc6 26.
h4 Raf8 27. Qg5 Be4 28. f3 Bf5 29. h5 d6 30. hxg6 Bxg6 31. e6 Rxf6 32. e7
{Black resigns}
1-0

[Event "ICC tourney 2150 (70 10)"]
[Site "Internet Chess Club"]
[Date "2020.11.22"]
[Round "5"]
[White "Wushukyle"]
[Black "SpencerNA"]
[Result "0-1"]
[ICCResult "White resigns"]
[WhiteElo "1648"]
[BlackElo "1734"]
[Opening "Caro-Kann: Panov-Botvinnik attack"]
[ECO "B13"]
[NIC "CK.02"]
[Time "16:04:02"]
[TimeControl "4200+10"]

1. e4 c6 2. d4 d5 3. exd5 cxd5 4. c4 Nf6 5. Nf3 Nc6 6. Nc3 e6 7. Ne5 Bd6 8.
Qa4 Bd7 9. Nxd7 Qxd7 10. cxd5 Nxd5 11. Nxd5 exd5 12. Bb5 O-O 13. Be3 Qg4 14.
O-O Ne7 15. h3 Qh4 16. Bd7 f5 17. Be6+ Kh8 18. Qd7 Rad8 19. Qxb7 f4 20. Bd2
f3 21. Qxa7 fxg2 22. Kxg2 Qe4+ 23. Kg1 Qxe6 24. f4 Qxh3 25. Rf2 Nf5 26. Rh2
Qg4+ 27. Rg2 Qh5 28. Rf1 Rde8 29. Rff2 Re7 30. Qb6 Qd1+ 31. Rf1 Qa4 32. a3
Bc7 33. Qc5 Qxd4+ 34. Qxd4 Nxd4 35. Bb4 Rfe8 36. Bxe7 Rxe7 37. f5 Ne2+ 38.
Kf2 Bb6+ 39. Kf3 Re3+ 40. Kg4 Re4+ 41. Kf3 Nd4+ 42. Kg3 Bc7+ 43. Kf2 Nxf5
44. Rc1 Bb6+ 45. Kf3 h5 46. Rg5 g6 47. Rh1 Re3+ 48. Kg2 Re2+ 49. Kf1 Rf2+
50. Ke1 Rxb2 51. Rhxh5+ gxh5 52. Rxh5+ Kg7 53. Rxf5 Rb5 54. a4 Ba5+ 55. Ke2
Rc5 56. Kd3 Kg6 57. Re5 Kf6 58. Kd4 Bc3+ 59. Kxc5 Kxe5 60. Kb5 Ke4 61. a5
Bxa5 62. Kxa5 d4 63. Kb4 Ke3 {White resigns} 0-1

[Event "ICC tourney 2150 (70 10)"]
[Site "Internet Chess Club"]
[Date "2020.11.22"]
[Round "5"]
[White "prabp"]
[Black "Zugzwischen"]
[Result "1/2-1/2"]
[ICCResult "Game drawn by repetition"]
[WhiteElo "1575"]
[BlackElo "1677"]
[Opening "Queen's pawn, Mason variation"]
[ECO "D00"]
[NIC "QP.08"]
[Time "16:03:58"]
[TimeControl "4200+10"]

1. d4 d5 2. Bf4 Bf5 3. c4 e6 4. e3 Bxb1 5. Qxb1 Bb4+ 6. Kd1 Bd6 7. Bg3 Nf6
8. Nf3 Bxg3 9. hxg3 Ne4 10. Ke1 c6 11. Bd3 Qa5+ 12. Ke2 f5 13. b4 Nc3+ 14.
Kf1 Nxb1 15. bxa5 Nc3 16. Ne5 Nd7 17. Ng6 Rg8 18. Rxh7 Kf7 19. Nf4 Nf6 20.
Rh1 Nfe4 21. Bxe4 fxe4 22. c5 Rh8 23. Rh3 g5 24. Ne2 Nb5 25. a4 Nc7 26. Rb1
Rxh3 27. gxh3 Rb8 28. Kg2 Kf6 29. h4 g4 30. Nf4 e5 31. dxe5+ Kxe5 32. h5 Na6
33. h6 Nxc5 34. h7 Kf6 35. Rh1 Rh8 36. Rh6+ Kg7 37. Rg6+ Kxh7 38. Rxg4 Nb3
39. Ne6 Nxa5 40. Rg7+ Kh6 41. g4 Re8 42. g5+ Kh5 43. Nf4+ Kg4 44. g6 Nc4 45.
Rxb7 a5 46. Ra7 Kg5 47. g7 Kf6 48. Nh5+ Kg6 49. Nf4+ Kh7 50. Nh5 Kg6 51.
Nf4+ Kf6 52. Nh5+ Kg6 53. Nf4+ {Game drawn by repetition} 1/2-1/2

[Event "ICC tourney 2150 (70 10)"]
[Site "Internet Chess Club"]
[Date "2020.11.22"]
[Round "5"]
[White "goodcrowdchess"]
[Black "QitianDasheng"]
[Result "1-0"]
[ICCResult "Black resigns"]
[WhiteElo "1678"]
[BlackElo "207"]
[Opening "Sicilian: accelerated fianchetto, Maróczy bind, 6.Be3"]
[ECO "B38"]
[NIC "SI.33"]
[Time "16:04:06"]
[TimeControl "4200+10"]

1. e4 c5 2. Nf3 Nc6 3. d4 cxd4 4. Nxd4 g6 5. c4 Bg7 6. Be3 Nf6 7. Nc3 d6 8.
Be2 O-O 9. O-O a5 10. Qd2 Nxd4 11. Bxd4 Bd7 12. Bf3 Bc6 13. Nd5 Nxd5 14.
exd5 Bd7 15. Rae1 b5 16. b3 Rc8 17. Be2 b4 18. Bd1 e5 19. dxe6 fxe6 20. Bxg7
Kxg7 21. Qxd6 Rf7 22. Bg4 Rc6 23. Qe5+ Kg8 24. Rd1 Qb6 25. Rd2 Rc5 26. Qe4
Rc6 27. Bf3 Rc8 28. Rfd1 Be8 29. Rd6 Qc5 30. Qxe6 Kg7 31. R1d5 Qc7 32. Qe5+
Kg8 33. Bg4 Qa7 34. c5 {Black resigns} 1-0

[Event "ICC tourney 2150 (70 10)"]
[Site "Internet Chess Club"]
[Date "2020.11.22"]
[Round "5"]
[White "QueensRule"]
[Black "Coolio9000"]
[Result "1/2-1/2"]
[ICCResult "Game drawn by mutual agreement"]
[WhiteElo "1650"]
[BlackElo "1845"]
[Opening "Sicilian: Alapin's variation (2.c3)"]
[ECO "B22"]
[NIC "SI.46"]
[Time "16:04:03"]
[TimeControl "4200+10"]

1. e4 c5 2. c3 d5 3. exd5 Qxd5 4. d4 g6 5. dxc5 Qxc5 6. Nf3 Bg7 7. Be2 Nf6
8. O-O O-O 9. Be3 Qc7 10. Qc2 Bf5 11. Bd3 Bxd3 12. Qxd3 Rd8 13. Qe2 Nc6 14.
h3 a6 15. Nbd2 b5 16. Nb3 Nd5 17. Bg5 Nf4 18. Qe3 Nd3 19. Rab1 b4 20. Rfd1
Nde5 21. Nxe5 Bxe5 22. cxb4 Nxb4 23. a3 Nd5 24. Qc5 Qxc5 25. Nxc5 Kg7 26.
Nd3 Bf6 {Game drawn by mutual agreement} 1/2-1/2

[Event "ICC tourney 2150 (70 10)"]
[Site "Internet Chess Club"]
[Date "2020.11.22"]
[Round "5"]
[White "oregonchessguy"]
[Black "castle2king"]
[Result "1/2-1/2"]
[ICCResult "Game drawn by mutual agreement"]
[WhiteElo "1836"]
[BlackElo "1577"]
[Opening "Evans gambit: 5...Be7"]
[ECO "C51"]
[NIC "IG.05"]
[Time "16:04:03"]
[TimeControl "4200+10"]

1. e4 e5 2. Nf3 Nc6 3. Bc4 Bc5 4. b4 Bxb4 5. c3 Be7 6. Qb3 Na5 7. Bxf7+ Kf8
8. Qa4 Nc6 9. Bxg8 Kxg8 10. Qc4+ Kf8 11. d4 d6 12. dxe5 dxe5 13. Be3 h6 14.
Nbd2 g6 15. O-O Kg7 16. Qb5 a6 17. Qe2 Bf6 18. Rad1 Qe7 19. Rfe1 Rf8 20. Nb3
Rh8 21. h3 Be6 22. Nc5 b5 23. Nh2 Kh7 24. Ng4 Bg7 25. Qd2 Rhd8 26. Qc1 Bxa2
27. Rxd8 Rxd8 28. Nxa6 Qh4 29. Nxc7 b4 30. cxb4 Nxb4 31. Qc3 Rb8 32. Rd1 Qe7
33. Nd5 Nxd5 34. exd5 e4 35. Qd2 Rb2 36. Qc1 Rb1 37. Qd2 Rxd1+ 38. Qxd1 Qd6
39. Qd2 h5 40. Bf4 Qxd5 41. Qxd5 Bxd5 42. Ne3 Bb7 43. Bg5 Bd4 44. Nc4 Bd5
45. Ne3 Bxe3 46. Bxe3 Kg7 {Game drawn by mutual agreement} 1/2-1/2

[Event "ICC tourney 2150 (70 10)"]
[Site "Internet Chess Club"]
[Date "2020.11.22"]
[Round "5"]
[White "uzkuzk"]
[Black "zhang01"]
[Result "1-0"]
[ICCResult "Black checkmated"]
[WhiteElo "1809"]
[BlackElo "1307"]
[Opening "Caro-Kann defense"]
[ECO "B15"]
[NIC "CK.05"]
[Time "16:04:50"]
[TimeControl "4200+10"]

1. e4 c6 2. d4 d5 3. Nc3 e6 4. f4 Nd7 5. Nf3 h6 6. Be2 Nb6 7. Be3 Bd6 8. e5
Bc7 9. g4 Ne7 10. Qd2 g6 11. O-O-O Nd7 12. h4 Ng8 13. h5 gxh5 14. Rxh5 Qe7
15. f5 b6 16. Rdh1 Bb7 17. f6 Qf8 18. g5 O-O-O 19. gxh6 Ngxf6 20. exf6 Nxf6
21. R5h4 Nd7 22. Bf4 Bd6 23. Bxd6 Qxd6 24. Qf4 Qe7 25. Ne5 Nxe5 26. Qxe5 f6
27. Qf4 Kd7 28. h7 Rdf8 29. Bd3 Rf7 30. Qg4 f5 31. Qh5 Kd6 32. Kb1 Bc8 33.
a3 Bd7 34. Qf3 Kc7 35. Ba6 Qd6 36. Bd3 Be8 37. Ne2 Re7 38. Qg2 Qd7 39. Qg8
Rxg8 40. hxg8=Q Rg7 41. Qh8 Kd6 42. Rh7 Rxh7 43. Rxh7 Qd8 44. Qe5#
{Black checkmated}
1-0

[Event "ICC tourney 2150 (70 10)"]
[Site "Internet Chess Club"]
[Date "2020.11.22"]
[Round "5"]
[White "tigertiger2019"]
[Black "KyleZhuang"]
[Result "1/2-1/2"]
[ICCResult "Game drawn by mutual agreement"]
[WhiteElo "1699"]
[BlackElo "1640"]
[Opening "King's Indian: Andersson variation"]
[ECO "E92"]
[NIC "KI.18"]
[Time "16:04:14"]
[TimeControl "4200+10"]

1. Nf3 Nf6 2. c4 g6 3. d4 Bg7 4. Nc3 O-O 5. e4 d6 6. Be2 e5 7. dxe5 dxe5 8.
Qxd8 Rxd8 9. Bg5 Re8 10. Bxf6 Bxf6 11. Nd5 Bd8 12. Rd1 c6 13. Nc3 Bg4 14.
Nxe5 Bxe2 15. Kxe2 Bf6 16. f4 Bxe5 17. fxe5 Na6 18. Rd7 Nc5 19. Rd4 a5 20.
Rhd1 Kg7 21. g4 Rxe5 22. h4 f5 23. gxf5 gxf5 24. Rg1+ Kh6 25. Rd6+ Kh5 26.
Rg5+ Kxh4 27. Rg7 Kh5 28. Rxh7+ Kg5 29. Rg7+ Kf4 30. Rh6 fxe4 31. Rf7+ Kg5
32. Rfh7 Rf5 33. Rh5+ Kg4 34. Rxf5 Kxf5 35. Rh5+ Kf4 36. Rxc5 Rg8 37. Rh5
Rg2+ 38. Kf1 Rxb2 39. Rh4+ Kf3 40. Rh3+ Kf4 41. Rh4+ Kf3 42. Rh3+ Kf4 43.
Rh7 Rc2 44. Ne2+ Ke3 45. Rh3+ Kd2 46. Nd4 {Game drawn by mutual agreement}
1/2-1/2

[Event "ICC tourney 2150 (70 10)"]
[Site "Internet Chess Club"]
[Date "2020.11.22"]
[Round "5"]
[White "pangpangba"]
[Black "wahoo"]
[Result "1/2-1/2"]
[ICCResult "Game drawn because neither player has mating material"]
[WhiteElo "1661"]
[BlackElo "1760"]
[Opening "Scandinavian (center counter) defense"]
[ECO "B01"]
[NIC "SD.01"]
[Time "16:03:55"]
[TimeControl "4200+10"]

1. e4 d5 2. exd5 Qxd5 3. Nc3 Qa5 4. Nf3 Bg4 5. h3 Bh5 6. Be2 e6 7. d4 Nf6 8.
Bd2 Bb4 9. a3 Bxc3 10. Bxc3 Qd5 11. O-O O-O 12. Re1 Nc6 13. Qd3 Rad8 14.
Rad1 Ne4 15. Ne5 Bxe2 16. Rxe2 Nxc3 17. bxc3 Nxe5 18. dxe5 Qxd3 19. Rxd3
Rxd3 20. cxd3 Rd8 21. d4 Kf8 22. Kf1 Rd5 23. Rb2 b6 24. Ke2 c5 25. Ke3 cxd4+
26. cxd4 Ke7 27. Rc2 Kd7 28. a4 Ra5 29. Rc4 b5 30. axb5 Rxb5 31. Ra4 a5 32.
Ra2 Kc6 33. Ke4 Kb6 34. f3 Rb4 35. g4 g5 36. Rf2 Kc6 37. f4 gxf4 38. Rxf4
Rb7 39. Rf3 a4 40. Rc3+ Kb5 41. Kd3 Ra7 42. Kc2 a3 43. Kb1 Kb4 44. Rf3 Kc4
45. Rf4 Kd3 46. g5 Ke3 47. Rh4 Kd3 48. Rxh7 Kc3 49. Ka2 Kb4 50. g6 Rc7 51.
Rxf7 Rc2+ 52. Kb1 a2+ 53. Ka1 Rg2 54. h4 Rxg6 55. Kxa2 Rg4 56. Rf6 Rxh4 57.
Rxe6 Rxd4 58. Re8 Re4 59. e6 Kc5 60. e7 Kd6 61. Kb3 Rxe7 62. Rxe7 Kxe7
{Game drawn because neither player has mating material}
1/2-1/2

[Event "ICC tourney 2150 (70 10)"]
[Site "Internet Chess Club"]
[Date "2020.11.22"]
[Round "5"]
[White "atevifred"]
[Black "Josiah729"]
[Result "0-1"]
[ICCResult "White resigns"]
[WhiteElo "1883"]
[BlackElo "1867"]
[Opening "Réti opening"]
[ECO "A09"]
[NIC "QP.09"]
[Time "16:04:04"]
[TimeControl "4200+10"]

1. Nf3 d5 2. c4 Nf6 3. e3 Bg4 4. h3 Bh5 5. g4 Bg6 6. Ne5 e6 7. b4 Be4 8. f3
Bd6 9. Bb2 Bxb1 10. Rxb1 Nbd7 11. f4 Bxe5 12. fxe5 Ne4 13. h4 Ng3 14. Rh3
Nxf1 15. Kxf1 dxc4 16. Qa4 O-O 17. g5 Nxe5 18. Bd4 Nd3 19. Qd1 Qd5 20. Rf3
e5 21. Bc3 e4 22. Rh3 Qf5+ 23. Kg2 Nf2 24. Qf1 Qxh3+ 25. Kxf2 Qxh4+ 26. Ke2
Rad8 27. Kd1 b5 28. Kc2 Qg4 29. Re1 Rd5 30. Qf2 Rf5 31. Qh2 Rxg5 32. Rh1 h6
33. Qxc7 a6 34. Qd6 Rg6 35. Qe5 Qe6 36. Qh2 Qd6 37. Qf2 a5 38. a3 Qd3+ 39.
Kb2 axb4 40. axb4 Ra8 41. Rg1 Ra2+ {White resigns} 0-1

[Event "ICC tourney 2150 (70 10)"]
[Site "Internet Chess Club"]
[Date "2020.11.22"]
[Round "5"]
[White "Deng18"]
[Black "MacAndSneeze"]
[Result "1/2-1/2"]
[ICCResult "Game drawn by repetition"]
[WhiteElo "1824"]
[BlackElo "1571"]
[Opening "Sicilian: Najdorf, Byrne (English) attack"]
[ECO "B90"]
[NIC "SI.14"]
[Time "16:03:54"]
[TimeControl "4200+10"]

1. e4 c5 2. Nf3 d6 3. d4 cxd4 4. Nxd4 Nf6 5. Nc3 a6 6. Be3 e6 7. Be2 b5 8.
a3 Nbd7 9. O-O Bb7 10. f3 d5 11. exd5 Nxd5 12. Nxd5 Bxd5 13. Rc1 Ne5 14. Bf2
Be7 15. c3 Rc8 16. Re1 Nc4 17. Qc2 Bg5 18. Rcd1 Ne3 19. Bxe3 Bxe3+ 20. Kh1
Bxd4 21. Rxd4 Qf6 22. Bxb5+ axb5 23. Rxd5 Qh4 24. Rdd1 O-O 25. Re4 Qg5 26.
Qe2 Rfd8 27. Kg1 Rxd1+ 28. Qxd1 Rd8 29. Qe1 Rd2 30. Re2 Rd3 31. Qf2 Rd1+ 32.
Re1 Rd2 33. Re2 Rd1+ 34. Re1 Rd2 35. Re2 Rd1+ {Game drawn by repetition}
1/2-1/2